 Dungeon Crawl Stone Soup version 0.22-a0-280-g69bf1f3 (webtiles) character file.

5018 b5mith the Fighter (level 10, -3/93 HPs)
             Began as a Minotaur Berserker on Mar 16, 2018.
             Was a High Priest of Trog.
             Killed by nerve-wracking pain
             ... invoked by an orc priest
             ... summoned by Grum
              (7 damage)
             ... on level 8 of the Dungeon.
             The game lasted 00:19:13 (5712 turns).

b5mith the Fighter (Minotaur Berserker)             Turns: 5712, Time: 00:19:14

Health: -3/93      AC: 16    Str: 27    XL:     10   Next: 30%
Magic:  9/9        EV: 12    Int:  4    God:    Trog [*****.]
Gold:   423        SH:  0    Dex: 11    Spells: 9/9 levels left

rFire    + . .     SeeInvis +   e - +2 trident (freeze)
rCold    . . .     Gourm    .   (no shield)
rNeg     . . .     Faith    .   G - +0 chain mail {MR+}
rPois    .         Spirit   .   (helmet restricted)
rElec    .         Reflect  .   v - +0 cloak
rCorr    .         Harm     +   f - +2 pair of gloves {Str+3}
MR       +....                  (no boots)
Stlth    ..........             p - amulet of harm
HPRegen  0.25/turn              q - ring of see invisible
MPRegen  0.11/turn              m - ring of protection from fire

@: berserk cooldown, slowed, very slow
A: retaliatory headbutt, horns 2
a: Berserk, Trog's Hand, Brothers in Arms, Renounce Religion


You were on level 8 of the Dungeon.
You worshipped Trog.
Trog was extremely pleased with you.
You were very hungry.

You visited 1 branch of the dungeon, and saw 8 of its levels.

You collected 423 gold pieces.

Inventory:

Hand Weapons
 a - a +0 falchion
 e - a +2 trident of freezing (weapon)
 I - a +5 spear
Missiles
 J - 2 javelins (quivered)
 L - 3 tomahawks
Armour
 b - a +0 animal skin
 f - a +2 pair of gloves of strength (worn)
 h - a +0 chain mail
 v - a +0 cloak (worn)
 G - a +0 chain mail of magic resistance (worn)
Jewellery
 m - a ring of protection from fire (right hand)
 p - an amulet of harm (around neck)
 q - a ring of see invisible (left hand)
 s - an uncursed ring of poison resistance
Wands
 t - a wand of flame (33)
 u - a wand of polymorph (10)
 D - a wand of digging (28)
Scrolls
 d - 4 scrolls of amnesia
 j - 3 scrolls of enchant weapon {unknown}
 k - 5 scrolls of remove curse {@r2}
 l - a scroll of magic mapping {unknown}
 o - 3 scrolls of noise {unknown}
 r - 4 scrolls of teleportation
 w - a scroll of blinking {unknown}
 y - 4 scrolls of identify {@r1}
 z - a scroll of fear {unknown}
 C - a scroll of random uselessness {unknown}
 M - a scroll of torment {unknown}
Potions
 g - 2 potions of curing {@q1}
 i - 4 potions of flight
 n - a potion of berserk rage {unknown}
 x - a potion of resistance {unknown}
 A - 2 potions of haste
 B - 2 potions of brilliance {unknown}
 E - 2 potions of lignification {unknown}
 F - a potion of magic {unknown}
 K - a potion of degeneration {unknown}
Comestibles
 c - 11 rations
 H - 7 chunks of flesh


   Skills:
 + Level 9.8 Fighting
 - Level 3.8 Long Blades
 + Level 9.0 Polearms
 + Level 9.4 Armour
 + Level 8.7 Dodging


You had 9 spell levels left.
You didn't know any spells.

Dungeon Overview and Level Annotations

Branches:
Dungeon (8/15)             Temple (0/1) D:5            Lair (0/6) D:8

Altars:
Ashenzari
Dithmenos
Elyvilon
Fedhas
Gozag
Hepliaklqana
Sif Muna
Vehumet
Zin

Annotations:
D:8 Grum


Innate Abilities, Weirdness & Mutations

You reflexively headbutt those who attack you in melee.
You have a pair of horns on your head.


Message History

* * * LOW HITPOINT WARNING * * *
The jackal bites you but does no damage.
Grum hits you from afar with a halberd of venom.
* * * LOW HITPOINT WARNING * * *
You are lethally poisoned!
You feel better.
The jackal bites you but does no damage.
The orc barely misses you.
The orc priest mumbles some strange prayers to Beogh against you.
Beogh smites you!
* * * LOW HITPOINT WARNING * * *
The orc wizard barely misses you. The orc barely misses you.
The crocodile misses you. You furiously retaliate!
You headbutt the crocodile, but do no damage.
The jackal bites you but does no damage.
Grum glances around and shouts, "Duke!
Here boy!"
Grum misses you. The orc hits you but does no damage.
The orc priest calls down the wrath of Beogh upon you.
Pain shoots through your body!
You die...

..........#
.........P.............#
...P...P...........l(..##
.....P..PP....####+#(....
.......W........ #o.@..
##...........P... #.o...
#.)P.....g....P.P #.W...
#.......oho...... #.(...
#.P....ht@P.....P #.....
#.......oo....P.. ##+###
#P.PP...).......P
#...P......P....P..
#..PPPP.....PP......
##..P)†....P........ ####
#...P.....PP....#.. #...
##.%.P..P...P...#..###.##
#.......P....# #...##.#.


You could see Grum, a hungry ghost, a crocodile, a black bear, an orc priest, an
orc wizard, 2 orcs and a jackal.

Vanquished Creatures
  Joseph (D:8)
  Grinder (D:6)
  2 hippogriffs
  Eustachio (D:6)
  A yak (D:8)
  Duvessa (D:5)
  3 sky beasts
  2 black bears (D:8)
  2 phantoms
  2 ogres (D:7)
  A necrophage (D:8)
  3 wolves (D:8)
  A crocodile (D:7)
  2 gnoll sergeants
  9 bullfrogs
  Dowan (D:5)
  3 scorpions
  5 wights (D:7)
  A howler monkey (D:4)
  2 crimson imps
  A centaur zombie (D:7)
  A jelly (D:7)
  2 bullfrog skeletons
  6 hounds
  3 orc priests
  Natasha (twice) (D:3)
  4 iguanas
  10 orc wizards
  4 worker ants
  Terence (D:2)
  A hound skeleton (D:4)
  11 gnolls
  9 adders
  A river rat (D:3)
  A shadow imp (D:8)
  2 adder skeletons
  8 worms
  A dart slug (D:2)
  9 leopard geckos
  29 orcs
  3 giant cockroaches
  10 goblins
  7 hobgoblins
  4 jackals (D:5)
  5 quokkas
  A ball python (D:2)
  4 bats
  2 frilled lizards
  2 jackal skeletons
  2 jackal zombies
  5 kobolds
  A leopard gecko skeleton (D:6)
  A quokka skeleton (D:5)
  8 rats
205 creatures vanquished.

Vanquished Creatures (others)
  56 fungi (D:8)
  23 plants (D:8)
79 creatures vanquished.

Grand Total: 284 creatures vanquished

Notes
Turn   | Place    | Note
-------+----------+-------------------------------------------
     0 | D:1      | b5mith the Minotaur Berserker began the quest for the Orb.
     0 | D:1      | Reached XP level 1. HP: 19/19 MP: 0/0
    17 | D:1      | You fall through a shaft!
    57 | D:2      | Reached XP level 2. HP: 12/27 MP: 1/1
   344 | D:2      | Reached XP level 3. HP: 29/33 MP: 2/2
   368 | D:2      | Noticed Terence
   373 | D:2      | Killed Terence
   373 | D:2      | Reached skill level 1 in Polearms
   401 | D:2      | Reached XP level 4. HP: 39/40 MP: 3/3
   747 | D:1      | Reached ** piety under Trog
   904 | D:1      | Reached XP level 5. HP: 47/47 MP: 4/4
  2212 | D:3      | Reached skill level 5 in Fighting
  2464 | D:3      | Noticed Natasha
  2474 | D:3      | Killed Natasha
  2474 | D:3      | Reached XP level 6. HP: 51/56 MP: 5/5
  2750 | D:3      | Noticed Natasha
  2754 | D:3      | Killed Natasha
  2776 | D:4      | Found a shattered altar of Ashenzari.
  2778 | D:4      | Found a glowing silver altar of Zin.
  2778 | D:4      | Found a blossoming altar of Fedhas.
  2778 | D:4      | Found an opulent altar of Gozag.
  2778 | D:4      | Found a hazy altar of Hepliaklqana.
  2778 | D:4      | Found a radiant altar of Vehumet.
  2790 | D:4      | Reached *** piety under Trog
  2802 | D:4      | Found a deep blue altar of Sif Muna.
  2968 | D:4      | Reached skill level 5 in Armour
  2968 | D:4      | Reached XP level 7. HP: 42/62 MP: 6/6
  3347 | D:4      | Reached skill level 5 in Dodging
  3371 | D:5      | Entered Level 5 of the Dungeon
  3410 | D:5      | Found a shadowy altar of Dithmenos.
  3498 | D:5      | Noticed Duvessa
  3498 | D:5      | Noticed Dowan
  3505 | D:5      | Killed Duvessa
  3505 | D:5      | Reached skill level 5 in Polearms
  3505 | D:5      | Reached XP level 8. HP: 71/71 MP: 7/7
  3509 | D:5      | Killed Dowan
  3630 | D:6      | Reached **** piety under Trog
  3649 | D:6      | Noticed Grinder
  3663 | D:6      | Killed Grinder
  3736 | D:6      | Noticed Eustachio
  3756 | D:6      | Killed Eustachio
  3933 | D:6      | Reached XP level 9. HP: 71/81 MP: 8/8
  3993 | D:5      | Found a staircase to the Ecumenical Temple.
  4179 | D:5      | Reached ***** piety under Trog
  4554 | D:7      | Found a white marble altar of Elyvilon.
  5261 | D:8      | Noticed Joseph
  5604 | D:8      | Reached XP level 10. HP: 83/90 MP: 9/9
  5664 | D:8      | Found a staircase to the Lair.
  5684 | D:8      | Killed Joseph
  5702 | D:8      | Noticed Grum
  5709 | D:8      | HP: 4/93 [crocodile (12)]
  5712 | D:8      | Killed from afar by an orc priest

Vault maps used:
D:1:      minmay_arrival_arboretum_large
D:2:      uniq_terence
D:3:      gup_sewer_entry_spiral, first_ration, uniq_natasha
D:4:      grunt_temple_overflow_open
D:5:      nicolae_dithmenos_shadow_blocks, minmay_temple_entry_hall,
          lightli_minifort, uniq_duvessa
D:6:      enter_ossuary_5, uniq_grinder, uniq_eustachio
D:7:      nicolae_overflow_crystal_walls
D:8:      due_lair_maze_entry_diamond, the_bakery, uniq_grum, uniq_joseph

Skill      XL: |  1  2  3  4  5  6  7  8  9 10 |
---------------+-------------------------------+-----
Fighting       | 4 5 6 8 9 |  9.8
Armour         | 3 4 5 7 9 |  9.4
Polearms       | 1 2 3 4 5 6 8 9 |  9.0
Dodging        | 3 4 5 6 8 |  8.7
Long Blades    | |  3.8

Action                   |  1- 3 |  4- 6 |  7- 9 | 10-12 || total
-------------------------+-------+-------+-------+-------++-------
Melee: Falchion          |    15 |       |       |       ||    15
       Headbutt          |     6 |    23 |    61 |     8 ||    98
       Trident           |    21 |   159 |   295 |    36 ||   511
       Spear             |       |       |    11 |       ||    11
Invok: Berserk           |       |       |     3 |     1 ||     4
  Use: Scroll            |       |       |     5 |       ||     5
       Potion            |       |       |       |     4 ||     4
  Eat: Chunk             |       |     7 |    13 |       ||    20
Armor: Animal skin       |     7 |       |       |       ||     7
       Chain mail        |       |    65 |   119 |    33 ||   217
Dodge: Dodged            |    18 |    56 |   135 |    45 ||   254
       Rpst.: Falchion   |     3 |       |       |       ||     3

Table legend:
 A = Spawn XP
 B = Non-spawn XP
 C = Spawn XP percentage of total XP
 D = Spawn monster count
 E = Non-spawn monster count
 F = Spawn count percentage of total count
 G = Total turns spent on level
                    A         B        C        D         E        F      G
               +---------+---------+-------+---------+---------+-------+---------
         Total |       0 |    7169 |   0.0 |       0 |     205 |   0.0 |  5712
               +---------+---------+-------+---------+---------+-------+---------
           D:1 |       0 |      21 |   0.0 |       0 |      11 |   0.0 |   485
           D:2 |       0 |     187 |   0.0 |       0 |      31 |   0.0 |  1215
           D:3 |       0 |     258 |   0.0 |       0 |      28 |   0.0 |  1060
           D:4 |       0 |     562 |   0.0 |       0 |      25 |   0.0 |   611
           D:5 |       0 |     825 |   0.0 |       0 |      30 |   0.0 |   592
           D:6 |       0 |    1367 |   0.0 |       0 |      23 |   0.0 |   572
           D:7 |       0 |    1555 |   0.0 |       0 |      29 |   0.0 |   613
           D:8 |       0 |    2394 |   0.0 |       0 |      28 |   0.0 |   564
               +---------+---------+-------+---------+---------+-------+---------
